 Dungeon Crawl Stone Soup version 0.22-a0-815-gb582571 (webtiles) character file.

272 BaronVonScrub the Conjurer (level 6, 0/42 HPs)
             Began as a Mummy Conjurer on July 23, 2018.
             Slain by Blork the orc
             ... wielding a +0 war axe
              (1 damage)
             ... on level 4 of the Dungeon.
             The game lasted 00:13:37 (5846 turns).

BaronVonScrub the Conjurer (Mummy Conjurer)         Turns: 5846, Time: 00:13:38

Health: 0/42       AC:  2    Str: 12    XL:     6   Next: 2%
Magic:  4/12       EV: 12    Int: 16    God:
Gold:   176        SH:  0    Dex: 12    Spells: 3/14 levels left

rFire    x . .     SeeInvis .   i - +1 falchion
rCold    + . .     Gourm    .   (no shield)
rNeg     + + +     Faith    .   a - +0 robe
rPois    ∞         Spirit   .   (no helmet)
rElec    .         Reflect  .   (no cloak)
rCorr    .         Harm     .   (no gloves)
MR       +....                  (no boots)
Stlth    ++........             (no amulet)
HPRegen  0.14/turn              e - ring of wizardry
MPRegen  0.13/turn              d - ring of protection from magic

@: no status effects
A: no food or potions, fire vulnerability, cold resistance 1, negative energy
resistance 3, torment resistance, unbreathing
a: no special abilities


You were on level 4 of the Dungeon.
You were not hungry.

You visited 1 branch of the dungeon, and saw 4 of its levels.

You collected 176 gold pieces.

Inventory:

Hand Weapons
 b - a +0 dagger
 c - a +1 short sword
 i - a +1 falchion (weapon)
Armour
 a - a +0 robe (worn)
Jewellery
 d - a ring of protection from magic (right hand)
 e - a ring of wizardry (left hand)
 j - an uncursed ring of flight
 m - an uncursed ring of stealth
Wands
 l - a wand of digging (6)
Scrolls
 f - 6 scrolls of teleportation
 g - 3 scrolls of remove curse
 n - a scroll of identify


   Skills:
 + Level 0.3 Fighting
 * Level 1.6 Long Blades
 - Level 1.5 Dodging
 - Level 1.5 Stealth
 - Level 0.1 Unarmed Combat
 + Level 4.5 Spellcasting
 + Level 5.0 Conjurations


You had 3 spell levels left.
You knew the following spells:

 Your Spells              Type           Power        Failure   Level  Hunger
a - Magic Dart            Conj           ###.         1%          1    N/A
b - Searing Ray           Conj           ###...       1%          2    N/A
c - Iskenderun's Mystic   Conj           ###.....     9%          4    N/A
d - Dazzling Spray        Conj/Hex       ##....       7%          3    N/A
e - Animate Skeleton      Necr           N/A          6%          1    N/A

Your spell library contained the following spells:

 Spells                   Type           Power        Failure   Level  Hunger
 Fulminant Prism          Conj/Hex       ##........   22%         4    N/A
 Force Lance              Conj/Tloc      ##......     22%         4    N/A

Dungeon Overview and Level Annotations

Branches:
Dungeon (4/15)
 Temple: D:4-7

Altars:
Kikubaaqudgha
Sif Muna
Vehumet

Annotations:
D:4 Blork the orc


Innate Abilities, Weirdness & Mutations

You do not eat or drink.
Your flesh is vulnerable to fire.
You are immune to poison.
Your flesh is cold resistant. (rC+)
You are immune to negative energy. (rN+++)
You are immune to unholy pain and torment.
You can survive without breathing.


Message History

Blork the orc seems to speed up.
Blork the orc casts a spell.
Blork the orc flickers and vanishes!
Things that are here:
a robe; an enchanted dagger A puff of frost appears from out of thin air!
The puff of frost hits you! You resist.
A magic dart appears from out of thin air!
The magic dart hits you!
A puff of flame appears from out of thin air!
The puff of flame hits you! The fire burns you terribly!
You hear some strange, mumbled words.
A puff of frost appears from out of thin air!
The puff of frost hits you! You resist.
* * * LOW HITPOINT WARNING * * *
There is a stone staircase leading up here.
Something hits you!
* * * LOW HITPOINT WARNING * * *
Something hits you.
You die...

.....######.o###............##
........[....................##
..#######....(................#
### ##....##..............# #
#....###............##
##...####.........###
######.........###
###.{.......## ##...@.......##
# ###.............########
##............###..#.....
###.............###....(...
##...##.........#...........
#..####..........(..........
#### ####.####............. ###
##........#### ##########


There were no monsters in sight!

Vanquished Creatures
  2 hounds (D:4)
  An iguana (D:4)
  A worker ant (D:4)
  An orc wizard (D:4)
  6 adders
  An adder skeleton (D:4)
  A worm (D:2)
  2 dart slugs
  5 orcs (D:4)
  10 bats
  6 giant cockroaches
  8 goblins
  A hobgoblin (D:1)
  4 jackals (D:3)
  6 kobolds
  2 quokkas (D:3)
  6 frilled lizards
  9 rats
72 creatures vanquished.

Notes
Turn   | Place    | Note
-------+----------+-------------------------------------------
     0 | D:1      | BaronVonScrub the Mummy Conjurer began the quest for the Orb.
     0 | D:1      | Reached XP level 1. HP: 13/13 MP: 4/4
   312 | D:1      | Reached XP level 2. HP: 19/19 MP: 0/5
   702 | D:1      | Learned a level 2 spell: Searing Ray
  1008 | D:2      | Reached skill level 4 in Conjurations
  1008 | D:2      | Reached XP level 3. HP: 24/24 MP: 2/7
  2543 | D:3      | Reached XP level 4. HP: 30/30 MP: 5/9
  2887 | D:4      | Noticed a phantom
  3274 | D:2      | Learned a level 4 spell: Iskenderun's Mystic Blast
  3278 | D:2      | Learned a level 3 spell: Dazzling Spray
  4076 | D:4      | Reached skill level 1 in Long Blades
  4076 | D:4      | Reached XP level 5. HP: 14/35 MP: 0/11
  4595 | D:4      | Found an ancient bone altar of Kikubaaqudgha.
  4600 | D:4      | Found a radiant altar of Vehumet.
  4670 | D:4      | Found a deep blue altar of Sif Muna.
  4674 | D:4      | Identified Kikubaaqudgha's Tome of Darkness
  4683 | D:4      | Learned a level 1 spell: Animate Skeleton
  5166 | D:4      | Noticed Blork the orc
  5179 | D:4      | Reached skill level 5 in Conjurations
  5179 | D:4      | Reached XP level 6. HP: 16/42 MP: 2/12
  5183 | D:4      | HP: 2/42 [Blork the orc/war axe (7)]
  5846 | D:4      | HP: 1/42 [something (9)]
  5846 | D:4      | Slain by Blork the orc

Vault maps used:
D:1:      dpeg_arrival_tiny_h
D:3:      first_ration
D:4:      grunt_temple_overflow_magic_moments, uniq_blork_the_orc

Skill      XL: |  1  2  3  4  5 |
---------------+----------------+-----
Spellcasting   | 3 4 |  4.5
Conjurations   | 4 5 |  5.0
Long Blades    | 1 |  1.6
Fighting       | |  0.3
Dodging        | |  1.5
Stealth        | |  1.5
Unarmed Combat | |  0.1

Action                   |  1- 3 |  4- 6 || total
-------------------------+-------+-------++-------
Melee: Unarmed           |     1 |       ||     1
       Dagger            |    14 |       ||    14
       Falchion          |       |    47 ||    47
 Cast: Magic Dart        |   102 |    79 ||   181
       Iskenderun's Myst |       |    14 ||    14
       Searing Ray       |       |     1 ||     1
  Use: Scroll            |    10 |     3 ||    13
Armor: Robe              |     8 |    12 ||    20
Dodge: Dodged            |    20 |    45 ||    65
       Rpst.: Falchion   |     1 |    16 ||    17

Table legend:
 A = Spawn XP
 B = Non-spawn XP
 C = Spawn XP percentage of total XP
 D = Spawn monster count
 E = Non-spawn monster count
 F = Spawn count percentage of total count
 G = Total turns spent on level
                    A         B        C        D         E        F      G
               +---------+---------+-------+---------+---------+-------+---------
         Total |       0 |     389 |   0.0 |       0 |      72 |   0.0 |  5846
               +---------+---------+-------+---------+---------+-------+---------
           D:1 |       0 |      38 |   0.0 |       0 |      23 |   0.0 |   998
           D:2 |       0 |      29 |   0.0 |       0 |      16 |   0.0 |  1260
           D:3 |       0 |      37 |   0.0 |       0 |      14 |   0.0 |  1573
           D:4 |       0 |     285 |   0.0 |       0 |      19 |   0.0 |  2015
               +---------+---------+-------+---------+---------+-------+---------
